AoeStats
← Morrión

Arena

507532427Analyzed
2v2 RM · 15d ago on Sep 18, 2026· 59m 3s· 4 players
Game mode
Random Map
Map size
Medium (4 player)
Population
200
Speed
Normal
Resources
Standard
Victory
Conquest
Starting age
Dark Age
Ending age
Imperial Age
RankedLock teamsTeams togetherTeam positionsShared explorationLock speedFull tech treeHidden civsTurbo modeCheats
Victory
Defeat
🇺🇦 Saracens · Ukraine
1373
+16
🇦🇷 Burgundians · Argentina
1336
+17
🇪🇸 Georgians · Spain
1366
-17
🇪🇸 Italians · Spain
1364
-16
Morrión
10:56 Feudal Age
11:04 Feudal Age
15:58 Castle Age
14:01 Horse Collar
14:08 Double-Bit Axe
17:08 Loom
18:10 Bloodlines
23:50 Fletching
27:01 Scale Barding Armor
28:32 Chain Barding Armor
29:19 Bodkin Arrow
30:21 Forging
32:17 Wheelbarrow
31:51 Town Watch
33:48 Padded Archer Armor
39:51 Imperial Age
36:48 Elite Skirmisher
38:01 Leather Archer Armor
40:43 Ballistics
40:33 Masonry
40:19 Murder Holes
40:43 Bracer
42:39 Chemistry
43:20 Hand Cart
46:42 Conscription
47:27 Plate Barding Armor
47:49 Light Cavalry
52:02 Iron Casting
juanca12
9:40 Feudal Age
12:02 Double-Bit Axe
14:38 Castle Age
12:56 Horse Collar
16:51 Fletching
17:06 Padded Archer Armor
18:00 Wheelbarrow
19:37 Bodkin Arrow
22:14 Leather Archer Armor
25:01 Hand Cart
28:15 Gold Mining
32:46 Imperial Age
30:54 Heated Shot
31:25 Ballistics
32:19 Bow Saw
32:14 Heavy Plow
32:09 Stone Mining
33:51 Conscription
34:05 Elite Genoese Crossbowman
36:03 Chemistry
35:13 Bracer
34:48 Elite Genoese Crossbowman
36:35 Loom
37:52 Ring Archer Armor
45:42 Two-Man Saw
45:15 Crop Rotation
48:22 Forging
48:12 Scale Mail Armor
51:21 Chain Mail Armor
51:42 Iron Casting
54:42 Arson
55:31 Plate Mail Armor
55:37 Squires
56:54 Blast Furnace
LRNI_PanBailarin
10:04 Feudal Age
14:47 Castle Age
13:37 Double-Bit Axe
13:45 Horse Collar
14:35 Stone Mining
14:39 Gold Mining
19:31 Scale Barding Armor
20:12 Town Watch
22:31 Loom
25:53 Forging
30:36 Imperial Age
29:31 Bow Saw
32:53 Chemistry
35:59 Heavy Plow
41:48 Fletching
42:38 Bodkin Arrow
43:04 Elite Skirmisher
44:09 Bracer
44:59 Padded Archer Armor
46:32 Leather Archer Armor
47:24 Ballistics
49:40 Elite Coustillier
52:30 Scale Mail Armor
52:51 Chain Barding Armor
53:55 Iron Casting
53:41 Chain Barding Armor
55:43 Blast Furnace
55:24 Gold Shaft Mining
56:30 Plate Barding Armor
56:42 Husbandry
59:45 Crop Rotation
60:18 Two-Man Saw
PRAY4UKRAINE613
10:06 Feudal Age
10:48 Loom
13:43 Castle Age
12:41 Double-Bit Axe
12:38 Horse Collar
22:29 Wheelbarrow
26:18 Imperial Age
24:16 Forging
25:18 Bow Saw
25:14 Gold Mining
28:05 Chemistry
28:00 Iron Casting
28:50 Scale Barding Armor
29:09 Fletching
30:25 Chain Barding Armor
32:27 Ballistics
32:04 Bodkin Arrow
33:08 Padded Archer Armor
33:27 Town Watch
33:45 Bracer
33:46 Elite Skirmisher
36:06 Leather Archer Armor
36:18 Conscription
41:57 Gold Shaft Mining
41:27 Town Patrol
45:46 Ring Archer Armor
46:32 Two-Man Saw
49:25 Plate Barding Armor
49:50 Blast Furnace
48:56 Stone Mining
49:56 Bimaristan
54:24 Murder Holes
55:08 Bloodlines
56:45 Heavy Plow
57:07 Hand Cart
Connection lost

Rejoining the realm…

Still unreachable

The connection could not be restored.

Session expired

The server has moved on; the page needs a fresh start.